 Dungeon Crawl Stone Soup version 0.31-a0-303-gdc8c9485ea (webtiles) character file.

Game seed: 16935049317919450725

20 gelatine the Chopper (level 2, -8/22 HPs)
             Began as a Demonspawn Gladiator on July 16, 2023.
             Mangled by a gnoll
             ... wielding a +0 halberd
              (11 damage)
             ... on level 2 of the Dungeon.
             The game lasted 00:03:22 (627 turns).

gelatine the Chopper (Demonspawn Gladiator)          Turns: 627, Time: 00:03:24

Health: -8/22      AC:  3    Str: 14    XL:     2   Next: 58%
Magic:  2/2        EV: 12    Int:  9    God:
Gold:   106        SH:  0    Dex: 14    Spells: 1/1 levels left

rFire   . . .        a - +0 war axe
rCold   . . .        (no shield)
rNeg    . . .        b - +0 leather armour
rPois   .            (helmet currently unavailable)
rElec   .            (cloak currently unavailable)
rCorr   .            (gloves currently unavailable)
SInv    .            (boots currently unavailable)
Will    .....        (no amulet)
Stlth   +            (no ring)
HPRegen 0.23/turn    (no ring)
MPRegen 0.08/turn

%: no passive effects
@: beast-form
A: beast (slay +0), horns 1
a: Begin Untransformation


You were on level 2 of the Dungeon.
You were a hulking beast.
You visited 1 branch of the dungeon, and saw 2 of its levels.

You collected 106 gold pieces.

Inventory:

Hand Weapons
 a - a +0 war axe (weapon)
Missiles
 d - 3 throwing nets (quivered)
 e - a javelin
Armour
 b - a +0 leather armour (worn)
 c - a +0 helmet
Talismans
 h - a beast talisman
Scrolls
 g - 2 scrolls of identify {unknown}
 j - a scroll of immolation {unknown}
Potions
 f - a potion of enlightenment {unknown}
 i - a potion of attraction {unknown}
 k - a potion of curing {unknown}
 l - a potion of degeneration {unknown}


   Skills:
 + Level 2.2 Fighting
 + Level 3.0 Axes
 + Level 1.8 Throwing
 + Level 3.0 Dodging
 * Level 0.1 Shapeshifting


You had one spell level left.
You didn't know any spells.
Your spell library was empty.

Dungeon Overview and Level Annotations

Branches:
Dungeon (2/15)

Altars:


Innate Abilities, Weirdness & Mutations

You are a hulking beast.
Your limbs bulge with bestial killing power. (Slay +0)
You have a pair of small horns on your head.


Message History

You closely miss the kobold.
The kobold is moderately wounded.
The kobold hits you with a +0 dagger.
You hit the kobold. You headbutt the kobold.
You kill the kobold!
Things that are here:
a +0 dagger; 5 stones
a - a +0 war axe (weapon)
You see here a +0 leather armour.
Found 2 stones.
You see here 2 stones.
You see here 2 stones.
Found a leather armour.
Found an escape hatch in the floor.
You see here a +0 leather armour.
You now have 106 gold pieces (gained 11).
k - an inky potion
l - a fizzy silvery potion
There is a stone staircase leading down here.
Done exploring.
Done exploring.
There is a stone staircase leading down here.
There is a stone staircase leading down here.
You climb downwards.
The gnoll shouts!
You hear a shout! x2
Found a robe, a scroll labelled ZATAGYOSAO and a ring mail.
There is a stone staircase leading up here.
The gnoll hits you with a +0 whip!
A gnoll comes into view. It is wielding a +0 halberd.
You hit the gnoll.
The gnoll is lightly wounded.
The gnoll hits you with a +0 whip!
* * * LOW HITPOINT WARNING * * *
The gnoll misses you.
You hit the gnoll. Your headbutt misses the gnoll.
The gnoll is moderately wounded.
The gnoll hits you with a +0 whip.
* * * LOW HITPOINT WARNING * * *
The gnoll hits you from afar with a +0 halberd!
Ouch! That really hurt!
You die...

##.##..#
......#
.#...#
..?..
#...# #
#...##.#
#[.....#
######.<#
.......h#
######.g#
....g
###..##
#..# ..[#
##.# ###


You could see 2 gnolls.

Vanquished Creatures
  A ball python (D:1)
  An endoplasm (D:1)
  2 giant cockroaches (D:1)
  2 goblins (D:1)
  3 hobgoblins (D:1)
  3 kobolds (D:1)
  3 bats (D:1)
  3 rats (D:1)
18 creatures vanquished.

Notes
Turn   | Place    | Note
-------+----------+-------------------------------------------
     0 | D:1      | gelatine the Demonspawn Gladiator began the quest for the
                  | Orb.
     0 | D:1      | Reached XP level 1. HP: 16/16 MP: 1/1
   111 | D:1      | Gained mutation: You have a pair of small horns on your
                  | head. [demonic ancestry]
   111 | D:1      | Reached XP level 2. HP: 17/22 MP: 2/2
   627 | D:2      | Mangled by a gnoll

Illustrated notes

Levels and vault maps discovered:
D:1:      dpeg_arrival_line_fractal, layout_rooms
D:2:      layout_basic, basic_altar

Skill      XL: |  1  2 |
---------------+-------+-----
Axes           | 3 |  3.0
Dodging        | 3 |  3.0
Fighting       | |  2.2
Throwing       | |  1.8
Shapeshifting  | |  0.1

Action                     || total
---------------------------++-------
  Melee: War axe           ||    28
         Unarmed           ||    35
         Headbutt          ||     3
   Stab: Sleeping          ||     1
 Armour: Leather armour    ||    31
  Dodge: Dodged            ||    56
   Form: Beast             ||     1

Table legend: (Time is in decaauts)
 A = Elapsed time spent in this place.
 B = Non-inter-level travel time spent in this place.
 C = Inter-level travel time spent in this place.
 D = Time resting spent in this place.
 E = Time spent auto-exploring this place.
 F = Levels seen in this place.
 G = Mean time per level.
                   A        B        C        D        E       F      G
               +--------+--------+--------+--------+--------+-----+--------+
         Total |    635 |    610 |     25 |      0 |    428 |   2 |  317.5 |
       Dungeon |    635 |    610 |     25 |      0 |    428 |   2 |  317.5 |
               +--------+--------+--------+--------+--------+-----+--------+

Top non-repeatable levels by time:
     D:1: 632 daAuts
     D:2: 3 daAuts
